 Dungeon Crawl Stone Soup version 0.28.0-1-gb440e238dd (webtiles) character file.

Game seed: 10093408323135138226

2819 diecastcamel the Covered (level 9, -1/84 HPs)
             Began as a Deep Dwarf Fighter on Feb 24, 2022.
             Was an Initiate of Makhleb.
             Slain by a death yak (13 damage)
             ... on level 8 of the Dungeon on Feb 25, 2022.
             The game lasted 00:49:11 (5969 turns).

diecastcamel the Covered (Deep Dwarf Fighter)       Turns: 5969, Time: 00:49:12

Health: -1/84      AC: 18    Str: 26    XL:     9   Next: 45%
Magic:  6/6        EV:  5    Int: 10    God:    Makhleb [......]
Gold:   79         SH:  0    Dex: 15    Spells: 5/8 levels left

rFire   . . .      SeeInvis .   l - +7 rapier of Tigisusu {elec, Will+ Str+3 Dex+3}
rCold   . . .      Faith    .   c - +0 buckler
rNeg    . . .      Spirit   .   n - +0 plate armour
rPois   .          Reflect  .   (no helmet)
rElec   .          Harm     .   w - +0 cloak
rCorr   .          Rampage  .   q - +0 pair of gloves
Will    ++...                   k - +1 pair of boots
Stlth   ..........              (no amulet)
HPRegen 0.00/turn               (no ring)
MPRegen 0.10/turn               (no ring)

@: held, studying Slings
A: damage resistance, heal wounds, sense surroundings 2, no regeneration
a: Heal Wounds, Renounce Religion


You were on level 8 of the Dungeon.
You worshipped Makhleb.
Makhleb was noncommittal.
You visited 2 branches of the dungeon, and saw 9 of its levels.

You collected 319 gold pieces.
You spent 240 gold pieces at shops.

Inventory:

Hand Weapons
 a - a +0 war axe
 l - the +7 rapier of Tigisusu (weapon) {elec, Will+ Str+3 Dex+3}
   (You found it on level 3 of the Dungeon)

   It occasionally discharges a powerful burst of electricity upon striking a
   foe.
   Str:       It affects your strength (+3).
   Dex:       It affects your dexterity (+3).
   Will:      It increases your willpower.
 y - a +3 mace of freezing
Missiles
 i - 3 boomerangs (quivered)
 C - 14 poisoned darts
Armour
 c - a +0 buckler (worn)
 k - a +1 pair of boots (worn)
 n - a +0 plate armour (worn)
 q - a +0 pair of gloves (worn)
 w - a +0 cloak (worn)
Jewellery
 d - an amulet of faith
 s - the ring "Hus Ret" {rPois rF- Str-5 Int+4 Dex+6}
   (You found it on level 5 of the Dungeon)

   [ring of dexterity]

   Str:       It affects your strength (-5).
   Int:       It affects your intelligence (+4).
   Dex:       It affects your dexterity (+6).
   rF:        It makes you vulnerable to fire.
   rPois:     It protects you from poison.
Wands
 z - a wand of mindburst (5)
Scrolls
 h - a scroll of immolation
 j - a scroll of brand weapon {unknown}
 r - a scroll of noise {unknown}
 v - a scroll of enchant weapon {unknown}
 A - a scroll of blinking {unknown}
 D - a scroll of amnesia {unknown}
Potions
 e - a potion of degeneration {unknown}
 f - 2 potions of invisibility {unknown}
 g - a potion of heal wounds {unknown}
 m - a potion of attraction {unknown}
 o - 2 potions of curing {unknown}
 p - a potion of brilliance {unknown}
 t - a potion of mutation {unknown}
 u - 2 potions of might
 x - 2 potions of haste {unknown}
 B - 2 potions of flight {unknown}


   Skills:
 + Level 6.3 Fighting
 - Level 4.0 Short Blades
 - Level 4.3 Axes
 + Level 7.5 Armour
 + Level 6.7 Dodging
 - Level 5.0 Shields
 + Level 0.0 Spellcasting
 + Level 2.7 Necromancy


You had 5 spell levels left.
You knew the following spells:

 Your Spells              Type           Power      Damage    Failure   Level
a - Vampiric Draining     Necr           5%         2d6       99%         3

Your spell library contained the following spells:

 Spells                   Type           Power      Damage    Failure   Level
 Animate Skeleton         Necr           10%        N/A       87%         1
 Pain                     Necr           20%        1d5       87%         1
 Shock                    Conj/Air       0%         1d3       99%         1
 Sting                    Tmut/Pois      0%         1d3       99%         1
 Blink                    Tloc           0%         N/A       100%        2
 Ensorcelled Hibernation  Hex/Ice        0%         N/A       100%        2
 Passwall                 Tmut/Erth      0%         N/A       100%        2
 Poisonous Vapours        Pois/Air       0%         N/A       100%        2
 Conjure Flame            Conj/Fire      0%         6-21      100%        3
 Ignite Poison            Fire/Tmut/Pois 0%         N/A       100%        3
 Summon Guardian Golem    Hex/Summ       0%         N/A       100%        3
 Swiftness                Air            0%         N/A       100%        3
 Airstrike                Air            0%         N/A       100%        4
 Olgreb's Toxic Radiance  Pois           0%         N/A       100%        4
 Sticky Flame             Conj/Fire      0%         2d3       100%        4
 Manifold Assault         Tloc           0%         N/A       100%        5
 Orb of Destruction       Conj           0%         9d5       100%        7
 Spellforged Servitor     Conj/Summ      0%         N/A       100%        7
 Storm Form               Tmut/Air       0%         N/A       100%        7


Dungeon Overview and Level Annotations

Branches:
Dungeon (8/15)             Temple (1/1) D:7            Lair (0/6) D:8

Altars:
Ashenzari
Cheibriados
Dithmenos
Elyvilon
Gozag
Hepliaklqana
Kikubaaqudgha
Makhleb
Nemelex Xobeh
Okawaru
Qazlal
Ru
Sif Muna
Trog
Uskayaw
Vehumet
Wu Jian
Xom
Yredelemnul
Zin
The Shining One

Shops:
D:6 :

Annotations:
D:4 Pikel
D:8 Harold


Innate Abilities, Weirdness & Mutations

You are resistant to damage.
You can heal yourself by infusing magical energy.
You passively map the area around you.
You do not regenerate.


Message History

The harpoon shot hits you!
You are yanked forward by the harpoon shot.
As you read the scroll of teleportation, it crumbles to dust.
You feel strangely unstable. You block Harold's attack.
Harold fires a harpoon shot at you. The harpoon shot misses you.
Your surroundings suddenly seem different.
The death yak bellows! x4; You hear a shout!
The death yak barely misses you.
There is a stone staircase leading up here.
The death yak closely misses you.
Found a stone staircase leading down.
The death yak gores you.
An orc comes into view. It is wielding a +0 trident.
The orc shouts!
The orc hits you but does no damage. The orc hits you but does no damage.
Found a staircase to the Lair.
The death yak snorts and paws the ground.
The death yak gores you but does no damage.
The death yak gores you! The death yak gores you!
The death yak gores you but does no damage.
The death yak gores you.
The death yak snorts and paws the ground.
There is a stone staircase leading up, spattered with blood here.
Harold shouts!
Harold throws a throwing net.
The throwing net hits you.
You become entangled in the net!
You see here a throwing net.
Aiming: Mindburst
Press: ? - help, Q - select action, (/) - cycle Shift-Dir - straight line, f - death yak, p - Harold
Aim: a death yak (chance to affect: 6%)
Okay, then.
You struggle against the net.
The death yak gores you!!
* * * LOW HITPOINT WARNING * * *
You struggle against the net.
The death yak gores you!
* * * LOW HITPOINT WARNING * * *
The death yak gores you!!
You die...

............[.........##...
........##................. *
......#..........#........$
...............@.#......... ,
,#......................... ,
*#..........<.##.......... #.
##.......#.....#..........
###.####......###.......#......
...............Y@Y.##...####.. ,
......#.......#Y.####.........
......#.......#YY###..)....... ,
...........$...ooY#...........
.................o......###...
......#...###..<........# ..,
....>.....#.#...........# .,,
........................##.. ,
....##......................**#..


You could see 6 death yaks, Harold and 3 orcs.

Vanquished Creatures
  Maggie (D:8)
  A hornet (D:6)
  Grinder (D:6)
  A water moccasin (D:6)
  A black bear (D:5)
  2 orc warriors (D:7)
  An ogre (D:5)
  2 necrophages (D:6)
  A kobold brigand (D:8)
  2 bullfrogs (D:7)
  A gnoll sergeant (D:8)
  3 scorpions
  3 howler monkeys (D:5)
  6 wights
  4 centaur zombies
  A bullfrog zombie (D:6)
  A centaur skeleton (D:6)
  2 orc priests
  A hound (D:5)
  A bullfrog skeleton (D:6)
  An iguana (D:4)
  2 orc wizards
  10 gnolls
  10 adders
  A howler monkey skeleton (D:4)
  A shadow imp (D:7)
  A white imp (D:7)
  3 ufetubi
  3 worms (D:3)
  4 dart slugs
  14 orcs
  12 ball pythons
  6 endoplasms
  4 giant cockroaches
  8 goblins
  6 hobgoblins
  10 jackals
  2 quokkas
  9 bats
  2 frilled lizards
  7 kobolds
  3 rats
155 creatures vanquished.

Notes
Turn   | Place    | Note
-------+----------+-------------------------------------------
     0 | D:1      | diecastcamel the Deep Dwarf Fighter began the quest for the
                  | Orb.
     0 | D:1      | Reached XP level 1. HP: 20/20 MP: 1/1
   104 | D:1      | Reached XP level 2. HP: 24/27 MP: 2/2
   328 | D:1      | Reached skill level 1 in Dodging
   444 | D:1      | Found a faded altar of an unknown god.
   502 | D:1      | Reached XP level 3. HP: 23/33 MP: 3/3
   869 | D:2      | Reached XP level 4. HP: 26/42 MP: 4/4
  1367 | D:3      | Reached skill level 4 in Armour
  1385 | D:3      | Identified the +7 rapier of Tigisusu {elec, Will+ Str+3
                  | Dex+3}
  1577 | D:3      | Reached XP level 5. HP: 30/49 MP: 4/4
  2088 | D:3      | You fall into a shaft and drop 3 floors!
  2088 | D:6      | Noticed a rust devil
  2088 | D:6      | Noticed a rust devil
  2088 | D:6      | Noticed an orc warrior
  2088 | D:6      | Noticed an orc warrior
  2100 | D:7      | Killed an orc warrior
  2101 | D:7      | Reached XP level 6. HP: 32/57 MP: 4/4
  2107 | D:7      | Found a sand-covered staircase.
  2122 | D:7      | Reached skill level 1 in Short Blades
  2189 | D:7      | Noticed a hornet
  2202 | D:7      | Paralysed by a hornet for 2 turns
  2205 | D:7      | HP: 2/57 [hornet (10)]
  2211 | D:6      | Killed a hornet
  2212 | D:6      | Reached XP level 7. HP: 31/64 MP: 4/4
  2214 | D:6      | Reached skill level 5 in Armour
  2239 | D:6      | Reached skill level 5 in Shields
  2335 | D:5      | Entered Level 5 of the Dungeon
  2431 | D:4      | Noticed Pikel
  3104 | D:5      | Reached XP level 8. HP: 16/73 MP: 5/5
  3128 | D:5      | Reached skill level 5 in Fighting
  3128 | D:5      | Reached skill level 6 in Armour
  3140 | D:5      | Reached skill level 5 in Dodging
  3161 | D:5      | Identified the ring "Hus Ret" {rPois rF- Str-5 Int+4 Dex+6}
  3391 | D:5      | Found an ornate altar of the Wu Jian Council.
  3853 | D:6      | Noticed Grinder
  3863 | D:6      | Killed Grinder
  4216 | D:6      | Found Jigaasm's Book Shop.
  4429 | D:6      | Found a sparkling altar of Nemelex Xobeh.
  4429 | D:6      | Found an opulent altar of Gozag.
  4629 | D:6      | Bought a book of Necromancy for 240 gold pieces
  4633 | D:6      | Learned a level 3 spell: Vampiric Draining
  4728 | D:6      | Gained mutation: You passively map the area around you.
                  | [Deep Dwarf growth]
  4728 | D:6      | Reached XP level 9. HP: 55/82 MP: 6/6
  4735 | D:7      | Reached skill level 7 in Armour
  4815 | D:7      | Found a staircase to the Ecumenical Temple.
  4830 | D:7      | Reached skill level 1 in Necromancy
  4854 | Temple   | Entered the Ecumenical Temple
  4972 | Temple   | Became a worshipper of Makhleb the Destroyer
  5631 | D:8      | Noticed Maggie
  5635 | D:8      | Killed Maggie
  5659 | D:8      | Noticed a death yak
  5659 | D:8      | Noticed a death yak
  5660 | D:8      | Noticed a death yak
  5661 | D:8      | Noticed a death yak
  5662 | D:8      | Noticed a death yak
  5860 | D:8      | Noticed a death yak
  5860 | D:8      | Noticed a death yak
  5903 | D:8      | Noticed Harold
  5931 | D:8      | Found a staircase to the Lair.
  5969 | D:8      | Slain by a death yak

Illustrated notes

Levels and vault maps discovered:
D:1:      lightli_arrival_statue_moat, layout_rooms, basic_ecumenical_altar,
          minivault_14
D:2:      layout_basic, hangedman_decor_lopped, minmay_pentomino_o4
D:3:      layout_loops_ring
D:4:      layout_basic, uniq_pikel
D:5:      minmay_evil_eye, layout_loops_ring, mainiacjoe_overflow_alcove_2,
          mrwooster_statue_mirror, minmay_manual_monolith
D:6:      cheibrodos_iron_armory, layout_loops_corners,
          grunt_temple_overflow_opulence, serial_undead, serial_undead_d,
          serial_undead_f, serial_undead_f, serial_undead_b, serial_shops,
          nicolae_shop_hallway_plus, minmay_statues_item, uniq_grinder
D:7:      layout_cave_pools, minmay_temple_entry_offerings,
          nicolae_ossuary_entry_monument, enter_bailey_8
D:8:      layout_cave_pools, dpeg_lair_monsters, chequers_avenue, uniq_maggie,
          uniq_harold
Temple:   dpeg_five_rooms_temple

Skill      XL: |  1  2  3  4  5  6  7  8  9 |
---------------+----------------------------+-----
Dodging        | 1 2 3 4 6 |  6.7
Fighting       | 3 4 5 6 |  6.3
Axes           | 3 4 |  4.3
Armour         | 4 5 6 7 |  7.5
Shields        | 4 5 |  5.0
Short Blades   | 1 3 4 |  4.0
Necromancy     | 2 |  2.7

Action                   |  1- 3 |  4- 6 |  7- 9 || total
-------------------------+-------+-------+-------++-------
Melee: War axe           |   133 |    36 |       ||   169
       Rapier            |       |    65 |   213 ||   278
Throw: Boomerang         |       |       |     6 ||     6
 Abil: Heal Wounds       |       |     4 |     8 ||    12
Evoke: Wand              |       |       |     6 ||     6
  Use: Potion            |       |     1 |       ||     1
       Scroll            |       |       |     5 ||     5
Armor: Scale mail        |    23 |       |       ||    23
       Chain mail        |    57 |    28 |       ||    85
       Plate armour      |       |    15 |   126 ||   141
Dodge: Dodged            |    63 |    36 |    74 ||   173
Block: Buckler           |    42 |    27 |    68 ||   137
